 Dungeon Crawl Stone Soup version 0.24.1-14-gf8d2b509d9 (webtiles) character file.

Game seed: 4199671213161401438, levelgen mode: deterministic

2128 mortelune the Transmogrifier (level 9, -6/123 HPs)
             Began as a Naga Transmuter on May 21, 2020.
             Mangled by a killer bee (9 damage)
             ... on level 7 of the Dungeon.
             The game lasted 00:16:14 (10306 turns).

mortelune the Transmogrifier (Naga Transmuter)     Turns: 10306, Time: 00:16:14

Health: -6/123     AC:  4    Str: 18    XL:     9   Next: 29%
Magic:  14/17      EV:  9    Int: 16    God:
Gold:   329        SH:  0    Dex: 12    Spells: 3/18 levels left

rFire    . . .     SeeInvis +     - Unarmed
rCold    + . .     Gourm    .   (shield currently unavailable)
rNeg     . . .     Faith    .   o - +0 leather armour {rC+}
rPois    +         Spirit   .   (no helmet)
rElec    .         Reflect  .   (no cloak)
rCorr    +         Harm     .   (gloves currently unavailable)
MR       +....                  (no barding)
Stlth    ..........             (no amulet)
HPRegen  0.30/turn              C - ring of resist corrosion (curse)
MPRegen  0.15/turn              (no ring)

@: berserking, lethally poisoned (-6 -> -19), blade hands (expiring), hasted,
quick
A: large, see invisible, deformed body, poison resistance, slowness 2, slow
metabolism 1, spit poison 1, AC +3
a: Spit Poison, End Transformation


You were on level 7 of the Dungeon.
You were not hungry.
You had blades for hands.
You visited 1 branch of the dungeon, and saw 7 of its levels.
You also visited: Sewer.

You collected 329 gold pieces.

Inventory:

Missiles
 c - 52 poisoned darts (quivered)
 n - 40 arrows
 Q - 84 stones
Armour
 b - a +0 robe
 o - a +0 leather armour of cold resistance (worn)
 y - a +0 buckler
 z - the +1 ring mail "Wudiv" {rCorr Int-5 Dex+7}
   (You found it on level 5 of the Dungeon)

   It affects your intelligence (-5).
   It affects your dexterity (+7).
   It provides partial protection from all sources of acid and corrosion.
Jewellery
 C - a cursed ring of resist corrosion (left scythe-like blade)
Wands
 k - a wand of iceblast (15)
Scrolls
 i - 4 scrolls of identify
 p - 3 scrolls of magic mapping
 r - 2 scrolls of immolation {unknown}
 s - 3 scrolls of amnesia {unknown}
 t - 6 scrolls of teleportation
 v - 3 scrolls of remove curse {unknown}
 w - a scroll of enchant weapon {unknown}
 x - a scroll of blinking {unknown}
 B - 2 scrolls of enchant armour {unknown}
Potions
 a - 2 potions of mutation {unknown}
 e - a potion of berserk rage
 f - a potion of ambrosia
 g - 2 potions of flight
 h - 2 potions of agility
 j - a potion of might {unknown}
 l - 2 potions of lignification {unknown}
 m - a potion of haste
 u - 2 potions of resistance {unknown}
Comestibles
 d - 12 rations


   Skills:
 + Level 5.7 Fighting
 - Level 1.5 Dodging
 * Level 4.5 Unarmed Combat
 + Level 5.4 Spellcasting
 * Level 8.4 Transmutations


You had 3 spell levels left.
You knew the following spells:

 Your Spells              Type           Power        Failure   Level  Hunger
a - Beastly Appendage     Tmut           ####..       12%         1    None
b - Sticks to Snakes      Tmut           ####....     14%         2    #......
c - Spider Form           Tmut/Pois      ###.......   43%         3    ###....
d - Ice Form              Ice/Tmut       ###.....     73%         4    ####...
e - Blade Hands           Tmut           ####......   54%         5    ######.

Your spell library contained the following spells:

 Spells                   Type           Power        Failure   Level  Hunger
 Confusing Touch          Hex            #.....       58%         1    None
 Confuse                  Hex            #.......     85%         3    ###....
 Gell's Gravitas          Tloc           #.........   85%         3    ###....
 Petrify                  Tmut/Erth      ###.....     73%         4    ####...
 Yara's Violent Unravell  Hex/Tmut       ###.......   93%         5    ######.
 Metabolic Englaciation   Hex/Ice        #.........   100%        5    ######.


Dungeon Overview and Level Annotations

Branches:
Dungeon (7/15)             Temple (0/1) D:5           Sewer (visited)

Altars:
Elyvilon
Ru
Sif Muna
The Shining One

Shops:
D:5 *


Innate Abilities, Weirdness & Mutations

You cannot wear boots.
Your serpentine skin is tough. (AC +3)
You have supernaturally acute eyesight. (SInv)
Armour fits poorly on your strangely shaped body.
Your system is resistant to poisons. (rPois)
You cover ground very slowly.
You have a slow metabolism.
You can spit poison.


Message History

You barely miss the killer bee.
The killer bee is heavily wounded.
You feel sick. The killer bee stings you.
* * * LOW HITPOINT WARNING * * *
You hit the killer bee.
The killer bee is severely wounded.
You feel sick. The killer bee stings you.
* * * LOW HITPOINT WARNING * * *
The killer bee stings you.
* * * LOW HITPOINT WARNING * * *
You are more poisoned.
The killer bee poisons you!
You are too berserk!
* * * LOW HITPOINT WARNING * * *
You feel sick.
You slice the killer bee!!
You kill the killer bee!
* * * LOW HITPOINT WARNING * * *
You feel sick. The killer bee stings you!
You die...

...y...............#
)........#...#'#####
./...$.h.###y#.#
.........# #h#.#
..##.....#
#O#.###### y
#.....###.#......#
#.........#......#
#.....#.y##..<...#
.......h.@......#
......#O#y#.#####
####........#
#..#.#.#.#
#........#
#..#.#.#.#
#........#
##########


You could see an ogre, 2 killer bees and a jackal.

Vanquished Creatures
  An ugly thing (D:6)
  Prince Ribbit (D:5)
  2 slaves (D:6)
  A phantom (D:5)
  An ogre (D:6)
  6 big kobolds (Sewer)
  A bullfrog (D:6)
  A wyvern zombie (D:6)
  A scorpion (D:5)
  2 killer bees (D:7)
  A howler monkey (D:6)
  An orc priest (D:5)
  A centaur skeleton (D:4)
  A jelly (D:5)
  Jessica (D:3)
  Terence (D:2)
  6 worker ants
  Ijyb (D:3)
  Natasha (twice) (D:3)
  2 iguanas (D:4)
  8 adders
  4 gnolls (D:6)
  2 river rats (Sewer)
  3 shadow imps
  4 oozes
  5 worms (Sewer)
  A dart slug (D:1)
  4 leopard geckos
  13 orcs
  3 ball pythons
  7 giant cockroaches
  9 goblins
  9 hobgoblins
  5 jackals
  15 kobolds
  A quokka (D:6)
  A ball python skeleton (D:5)
  12 bats
  7 frilled lizards
  A quokka skeleton (D:5)
  12 rats
160 creatures vanquished.

Vanquished Creatures (collateral kills)
  An adder (D:5)
  A ball python (D:3)
  A giant cockroach (D:3)
3 creatures vanquished.

Grand Total: 163 creatures vanquished

Notes
Turn   | Place    | Note
-------+----------+-------------------------------------------
     0 | D:1      | mortelune the Naga Transmuter began the quest for the Orb.
     0 | D:1      | Reached XP level 1. HP: 18/18 MP: 3/3
   252 | D:1      | Found a glowing golden altar of the Shining One.
   270 | D:1      | Reached XP level 2. HP: 19/25 MP: 5/5
   358 | D:1      | Learned a level 2 spell: Sticks to Snakes
   998 | D:1      | Reached XP level 3. HP: 31/31 MP: 6/6
  1477 | D:1      | Reached skill level 3 in Transmutations
  1715 | D:1      | Learned a level 3 spell: Spider Form
  1856 | D:2      | Noticed Terence
  1888 | D:2      | Killed Terence
  1888 | D:2      | Reached XP level 4. HP: 27/39 MP: 0/7
  2917 | D:3      | Reached XP level 5. HP: 39/46 MP: 1/9
  3095 | D:3      | Noticed Jessica
  3104 | D:3      | Killed Jessica
  3104 | D:3      | Reached skill level 4 in Transmutations
  3142 | D:3      | Found a glowing drain.
  3143 | D:3      | Noticed Ijyb
  3224 | D:3      | Noticed Natasha
  3262 | D:3      | Killed Natasha
  3268 | D:3      | Killed Ijyb
  3289 | Sewer    | Entered a sewer
  3431 | Sewer    | Learned a level 4 spell: Ice Form
  3586 | Sewer    | Reached XP level 6. HP: 39/55 MP: 3/10
  4059 | Sewer    | Reached skill level 5 in Transmutations
  4068 | Sewer    | Reached XP level 7. HP: 53/62 MP: 9/12
  4816 | Sewer    | Reached skill level 6 in Transmutations
  5252 | D:3      | Noticed Natasha
  5259 | D:3      | Killed Natasha
  5983 | D:4      | Reached XP level 8. HP: 28/73 MP: 12/14
  6374 | D:4      | Found a sacrificial altar of Ru.
  6571 | D:5      | Entered Level 5 of the Dungeon
  6658 | D:5      | Found a staircase to the Ecumenical Temple.
  7135 | D:5      | Found a shimmering blue altar of Sif Muna.
  7168 | D:5      | Noticed Prince Ribbit
  7178 | D:5      | Killed Prince Ribbit
  7178 | D:5      | Reached skill level 7 in Transmutations
  7241 | D:5      | Learned a level 5 spell: Blade Hands
  7877 | D:5      | Got a spiked ring mail
  7888 | D:5      | Identified the +1 ring mail "Wudiv" {rCorr Int-5 Dex+7}
                  | (You found it on level 5 of the Dungeon)
  8297 | D:5      | Found Vinwejeg's Elemental Accessories.
  8631 | D:6      | Reached skill level 5 in Fighting
  9192 | D:6      | Noticed a white ugly thing
  9281 | D:5      | Reached skill level 5 in Spellcasting
  9369 | D:6      | Killed a white ugly thing
  9369 | D:6      | Reached skill level 8 in Transmutations
  9369 | D:6      | Reached XP level 9. HP: 58/81 MP: 8/17
  9686 | D:6      | Found a white marble altar of Elyvilon.
  9935 | D:6      | Found a sacrificial altar of Ru.
 10304 | D:7      | HP: 6/123 [killer bee (6)]
 10306 | D:7      | Mangled by a killer bee

Levels and vault maps discovered:
D:1:      dpeg_arrival_lava_temple_mockup, layout_rooms, minmay_misc_feat_iff,
          st_stairs_7, tso_metal_star
D:2:      layout_loops_cross, kennysheep_path_1, uniq_terence
D:3:      layout_loops_ring, first_ration, cheibrodos_sewer_entry_drain,
          uniq_jessica, uniq_ijyb, uniq_natasha
D:4:      layout_basic, overflow_temple_1_default
D:5:      layout_rooms, led_sif_pool, minmay_temple_entry_nine_rooms,
          grunt_decor_resistance, nicolae_elemental_shop, uniq_prince_ribbit1
D:6:      layout_rooms, nicolae_overflow_crystal_walls, kennysheep_flooded_box,
          uniq_pikel
D:7:      layout_basic, serial_glass, glass_columns_b, glass_columns_b,
          uniq_joseph

Skill      XL: |  1  2  3  4  5  6  7  8 |
---------------+-------------------------+-----
Transmutations | 3 4 5 6 8 |  8.4
Fighting       | 2 3 4 5 |  5.7
Spellcasting   | 3 4 5 |  5.4
Unarmed Combat | 4 |  4.5
Dodging        | |  1.5

Action                   |  1- 3 |  4- 6 |  7- 9 || total
-------------------------+-------+-------+-------++-------
Melee: Unarmed           |   123 |   172 |   377 ||   672
       Punch             |     1 |     1 |     3 ||     5
       Headbutt          |     6 |     9 |    14 ||    29
Throw: Dart              |       |       |     1 ||     1
 Cast: Beastly Appendage |     6 |    16 |     8 ||    30
       Sticks to Snakes  |     2 |     4 |     5 ||    11
       Spider Form       |     2 |     7 |    21 ||    30
       Ice Form          |       |       |     3 ||     3
       Blade Hands       |       |       |     8 ||     8
 Abil: Spit Poison       |     1 |     1 |     2 ||     4
Evoke: Wand              |       |       |     1 ||     1
  Use: Scroll            |       |     3 |     1 ||     4
       Potion            |       |     2 |     5 ||     7
 Stab: Sleeping          |     1 |       |     2 ||     3
  Eat: Chunk             |     2 |     7 |    10 ||    19
       Ration            |       |       |     4 ||     4
Armor: Robe              |    36 |    36 |     7 ||    79
       Skin              |       |     1 |    17 ||    18
       Leather armour    |       |       |    32 ||    32
       Ring mail         |       |       |     4 ||     4
Dodge: Dodged            |    86 |   113 |   232 ||   431
